[Event "Titled Tuesday Blitz July 25 Late 2023"]
[White "Anton Guijarro, David"]
[Black "Ozates, Tuna"]
[WhiteFideId "2285525"]
[BlackFideId "6354521"]
[WhiteElo "2972"]
[BlackElo "2602"]
[Result "1-0"]
[Round "9"]
[TimeControl "180+2"]
[Date "2023.07.25"]
[WhiteClock "0:01:32"]
[BlackClock "0:00:00"]
[Board "19"]

1. d4 Nf6 2. Nf3 e6 3. Bg5 d5 4. Nbd2 Be7 5. e3 c5 6. c3 Nc6 7. Bd3 h6 8. Bf4 Nh5 9. Be5 Nxe5 10. Nxe5 Nf6 11. f4 O-O 12. O-O Qc7 13. g4 Nd7 14. Ndf3 Nxe5 15. Nxe5 Bd6 16. Bc2 f5 17. gxf5 exf5 18. Kh1 Bxe5 19. fxe5 Be6 20. Qh5 Qf7 21. Qh4 cxd4 22. exd4 Kh7 23. Rg1 b5 24. Rg5 1-0


[Site "https://www.chess.com"]

[Event "Titled Tuesday Blitz July 25 Late 2023"]
[White "Miladinovic, Igor"]
[Black "Svane, Rasmus"]
[WhiteFideId "4203380"]
[BlackFideId "4657101"]
[WhiteElo "2818"]
[BlackElo "2959"]
[Result "0-1"]
[Round "9"]
[TimeControl "180+2"]
[Date "2023.07.25"]
[WhiteClock "0:00:08"]
[BlackClock "0:00:04"]
[Board "20"]

1. d4 d5 2. Bf4 e6 3. e3 Bd6 4. Bg3 Nf6 5. Nd2 O-O 6. Bd3 c5 7. dxc5 Bxc5 8. Ngf3 Qb6 9. Rb1 Nbd7 10. O-O Bd6 11. c4 Bxg3 12. hxg3 Nc5 13. Bc2 a5 14. cxd5 exd5 15. Nb3 Nxb3 16. Bxb3 Bf5 17. Rc1 Rfc8 18. Qd4 Qxd4 19. Nxd4 Bd7 20. f3 h5 21. a3 Kf8 22. Kf2 Ke7 23. Ke2 Kd6 24. Kd2 g6 25. Bc2 Rc5 26. Bd3 Rxc1 27. Rxc1 Rc8 28. Rb1 b6 29. b4 axb4 30. Rxb4 Kc7 31. Bb5 Ra8 32. a4 Bxb5 33. Nxb5+ Kc6 34. Rf4 Nd7 35. Nd4+ Kd6 36. Nb5+ Ke7 37. Rd4 Nf6 38. Rb4 Rc8 39. Nc3 Rc6 40. Rb5 Kd6 41. Kd3 Ke6 42. Ke2 Kd6 43. Kd3 Ke6 44. Ne2 Rd6 45. Nf4+ Kd7 46. Kd4 Kc6 47. Rb1 Nd7 48. Nd3 Kc7 49. Rc1+ Kd8 50. Rb1 Kc7 51. Rb5 Rc6 52. Rxd5 Rc2 53. Nf4 Nc5 54. Re5 Kd6 55. Rd5+ Kc6 56. Rg5 Ra2 57. Nd5 Rxa4+ 58. Ke5 Nd7# 0-1


[Site "https://www.chess.com"]

[Event "Titled Tuesday Blitz July 25 Late 2023"]
[White "Jaracz, Pawel"]
[Black "Kochiev, Ivan"]
[WhiteFideId "1102222"]
[BlackFideId "2917890"]
[WhiteElo "2722"]
[BlackElo "2568"]
[Result "1-0"]
[Round "9"]
[TimeControl "180+2"]
[Date "2023.07.25"]
[WhiteClock "0:00:08"]
[BlackClock "0:00:01"]
[Board "21"]

1. e4 c5 2. Nf3 d6 3. d4 cxd4 4. Nxd4 Nf6 5. Nc3 Nc6 6. Bc4 e6 7. Be3 a6 8. Bb3 Qc7 9. Qe2 b5 10. O-O-O Bb7 11. f3 Be7 12. g4 Ne5 13. Bxe6 fxe6 14. Nxe6 Qa5 15. Nxg7+ Kf7 16. Nf5 Rac8 17. Bd4 b4 18. Nb1 Qxa2 19. Nxe7 Kxe7 20. g5 Nh5 21. Qd2 Nxf3 22. Qxb4 Bxe4 23. Bc3 Qe6 24. Rhe1 Rc4 25. Rxe4 Qxe4 26. Qxd6+ Kf7 27. Qd7+ Kg6 28. Rd6+ Kxg5 29. Rd5+ Kh4 30. Rd3 Re8 31. b3 Rc6 32. Kb2 Rg6 33. Nd2 Nxd2 34. Rd4 Nc4+ 35. bxc4 Nf6 36. Rxe4+ Rxe4 37. Bxf6+ Rxf6 38. Qxh7+ Kg4 39. Qxe4+ 1-0


[Site "https://www.chess.com"]

[Event "Titled Tuesday Blitz July 25 Late 2023"]
[White "Manukyan, Sargis A."]
[Black "Leitao, Rafael"]
[WhiteFideId "13303970"]
[BlackFideId "2101246"]
[WhiteElo "2662"]
[BlackElo "2800"]
[Result "0-1"]
[Round "9"]
[TimeControl "180+2"]
[Date "2023.07.25"]
[WhiteClock "0:00:24"]
[BlackClock "0:00:24"]
[Board "22"]

1. d4 Nf6 2. c4 g6 3. Nc3 Bg7 4. Nf3 d6 5. h3 O-O 6. Bf4 Nbd7 7. e3 e6 8. Be2 Qe7 9. O-O b6 10. Qc2 Bb7 11. Bh2 Rfd8 12. b4 c5 13. bxc5 dxc5 14. Nb5 Ne8 15. Rad1 cxd4 16. exd4 a6 17. Nc3 Rac8 18. Qb3 e5 19. d5 Nd6 20. Na4 Nc5 21. Nxc5 bxc5 22. Rfe1 e4 23. Bf1 f5 24. Nd2 Bd4 25. Rb1 Ba8 26. Qc2 Rf8 27. Nb3 Be5 28. f4 Bf6 29. Kh1 g5 30. fxg5 Bxg5 31. Be2 f4 32. Bg4 Rce8 33. Nxc5 e3 34. Be6+ Kh8 35. Nd7 f3 36. gxf3 Rxf3 37. Rf1 Rxf1+ 38. Rxf1 Qxe6 39. Nc5 Bxd5+ 40. cxd5 Qxd5+ 41. Kg1 e2 42. Nd7 Be3+ 43. Rf2 e1=Q# 0-1


[Site "https://www.chess.com"]

[Event "Titled Tuesday Blitz July 25 Late 2023"]
[White "Bernabeu Lopez, Carlos Javier"]
[Black "Wu, Derek"]
[WhiteFideId "2235366"]
[BlackFideId "30914558"]
[WhiteElo "2662"]
[BlackElo "2762"]
[Result "1/2-1/2"]
[Round "9"]
[TimeControl "180+2"]
[Date "2023.07.25"]
[WhiteClock "0:02:49"]
[BlackClock "0:02:48"]
[Board "23"]

1. e4 e5 2. Nf3 Nc6 3. Nc3 Nf6 4. d4 exd4 5. Nxd4 Bb4 6. Nxc6 bxc6 7. Bd3 d5 8. exd5 O-O 9. O-O Bg4 10. f3 Bh5 11. dxc6 Qd4+ 12. Kh1 Bxc3 13. bxc3 Qxc3 14. Rb1 1/2-1/2


[Site "https://www.chess.com"]

[Event "Titled Tuesday Blitz July 25 Late 2023"]
[White "Panesar Vedant"]
[Black "Voege, Tobias"]
[WhiteFideId "35033018"]
[BlackFideId "1270513"]
[WhiteElo "2712"]
[BlackElo "2657"]
[Result "1-0"]
[Round "9"]
[TimeControl "180+2"]
[Date "2023.07.25"]
[WhiteClock "0:00:15"]
[BlackClock "0:00:12"]
[Board "24"]

1. d4 d5 2. c4 Nc6 3. Nf3 Bg4 4. cxd5 Bxf3 5. gxf3 Qxd5 6. e3 e5 7. Nc3 Bb4 8. Bd2 Bxc3 9. bxc3 Qd6 10. Qb3 Rb8 11. Rg1 Nge7 12. f4 exf4 13. e4 Ng6 14. e5 Qe7 15. Bg2 O-O 16. O-O-O Na5 17. Qa4 b6 18. c4 c5 19. Rge1 cxd4 20. Bb4 Qg5 21. Bd5 Rfd8 22. e6 fxe6 23. Rxe6 Kh8 24. Rde1 h5 25. Qc2 f3+ 26. Kb1 Nf4 27. R6e5 d3 28. Qd2 Qf6 29. Bc3 Qh6 30. Qxf4 Nxc4 31. Re8+ Kh7 32. Bg8+ Kh8 33. Qxh6# 1-0


[Site "https://www.chess.com"]

[Event "Titled Tuesday Blitz July 25 Late 2023"]
[White "Tarhan, Adar"]
[Black "Salimova, Nurgyul"]
[WhiteFideId "34544712"]
[BlackFideId "2915138"]
[WhiteElo "2602"]
[BlackElo "2709"]
[Result "1-0"]
[Round "9"]
[TimeControl "180+2"]
[Date "2023.07.25"]
[WhiteClock "0:00:16"]
[BlackClock "0:00:00"]
[Board "25"]

1. d4 Nf6 2. c3 d5 3. Bf4 e6 4. e3 Bd6 5. Bg3 O-O 6. Nd2 b6 7. Bd3 Ba6 8. Bxa6 Nxa6 9. Qe2 Nb8 10. Ngf3 c5 11. e4 dxe4 12. Nxe4 Nxe4 13. Qxe4 Na6 14. O-O-O Bxg3 15. hxg3 h6 16. Qe2 Nc7 17. dxc5 Qf6 18. Qe5 Qe7 19. c6 Rad8 20. Rxd8 Rxd8 21. Rd1 Rxd1+ 22. Kxd1 f6 23. Qd4 Nd5 24. c4 Nb4 25. Qd7 Qxd7+ 26. cxd7 Nc6 27. Nd4 Nd8 28. Nb5 a6 29. Nc7 Kf8 30. Nxa6 Ke7 31. Nb8 Kd6 32. Kd2 Kc7 33. Na6+ Kxd7 34. Nb4 Kd6 35. Kc3 h5 36. Nd3 g5 37. b4 Nc6 38. a4 e5 39. c5+ bxc5 40. Nxc5 f5 41. Nb7+ Kd5 42. b5 Nd4 43. Na5 h4 44. gxh4 gxh4 45. Nb3 f4 46. a5 f3 47. gxf3 Nxb3 48. a6 Nd4 49. Kb4 1-0


[Site "https://www.chess.com"]

[Event "Titled Tuesday Blitz July 25 Late 2023"]
[White "Sabuk, Piotr"]
[Black "Cappelletto, Joshuaede"]
[WhiteFideId "1137565"]
[BlackFideId "2824383"]
[WhiteElo "2683"]
[BlackElo "2598"]
[Result "1-0"]
[Round "9"]
[TimeControl "180+2"]
[Date "2023.07.25"]
[WhiteClock "0:00:56"]
[BlackClock "0:00:06"]
[Board "26"]

1. d4 Nf6 2. c4 c5 3. d5 e6 4. Nc3 exd5 5. cxd5 g6 6. Nf3 d6 7. h3 Bg7 8. Bf4 Nh5 9. Bh2 O-O 10. e3 a6 11. a4 Re8 12. Be2 Nf6 13. Nd2 Qc7 14. Nc4 Bf8 15. a5 Nbd7 16. O-O Rb8 17. Na4 b5 18. axb6 Nxb6 19. Naxb6 Rxb6 20. Nxb6 Qxb6 21. Qd2 Ne4 22. Qc2 Bg7 23. Ra4 Bf5 24. Bd3 Qxb2 25. Qxb2 Bxb2 26. g4 Nc3 27. Bxf5 Nxa4 28. Bd7 Re4 29. Bxd6 Nb6 30. Bc6 Ba3 31. Ra1 Bb4 32. Rxa6 Nc4 33. Ra8+ Kg7 34. Bf8+ Kf6 35. d6 Re6 36. d7 1-0


[Site "https://www.chess.com"]

[Event "Titled Tuesday Blitz July 25 Late 2023"]
[White "Ordekalog"]
[Black "Maksimovic, Bojan"]
[BlackFideId "14408120"]
[WhiteElo "2541"]
[BlackElo "2888"]
[Result "0-1"]
[Round "9"]
[TimeControl "180+2"]
[Date "2023.07.25"]
[WhiteClock "0:00:00"]
[BlackClock "0:00:35"]
[Board "27"]

1. e4 g6 2. d3 Nf6 3. f4 d5 4. e5 Nh5 5. Be2 Ng7 6. Nf3 h5 7. c4 d4 8. Nbd2 Nf5 9. Ne4 c5 10. Nfg5 Nc6 11. Bf3 Bh6 12. Qe2 Nh4 13. Bxh5 Bxg5 14. Bxg6 Nxg6 15. Nxg5 Kf8 16. Bd2 b6 17. O-O-O Bb7 18. e6 Qc7 19. exf7 Qd6 20. f5 Nge5 21. Rdf1 Nxf7 22. Ne6+ Ke8 23. Bf4 Qd7 24. f6 exf6 25. Nxc5+ Qe7 26. Qxe7+ Kxe7 27. Re1+ Nfe5 28. Nxb7 Rab8 29. Kd2 Rxb7 30. Re4 Kd6 31. b4 Rg7 32. g3 Nxb4 33. Rxd4+ Kc6 34. a3 Na6 35. Re4 Nc5 36. Rxe5 fxe5 37. Bxe5 Rgg8 38. Bxh8 Rxh8 39. h4 Kd6 40. Ke3 Re8+ 41. Kd4 Rg8 42. Rh3 Ke6 43. Ke3 Kf5 44. d4 Re8+ 45. Kf3 Nb3 46. g4+ Kf6 47. d5 Nd2+ 48. Kf2 Nxc4 49. Rf3+ Kg6 50. Rc3 Re4 51. Kf3 Rd4 52. a4 Ne5+ 53. Ke3 Rxg4 54. Rc7 Rxa4 55. d6 Kf6 56. d7 Ke7 57. d8=Q+ Kxd8 58. Rg7 Rxh4 59. Rxa7 Nd7 60. Kd2 Ke7 61. Kc3 Kd6 62. Ra8 b5 63. Rg8 b4+ 64. Kb3 Nc5+ 65. Kb2 Rh2+ 66. Kb1 b3 67. Rg6+ Kd5 68. Rg5+ Kc4 69. Rg4+ Kc3 70. Rg3+ Nd3 71. Rg1 Ra2 72. Rg8 Rb2+ 73. Ka1 Ra2+ 74. Kb1 Rb2+ 75. Ka1 Rh2 76. Rc8+ Kd4 77. Rd8+ Kc4 78. Rc8+ Nc5 79. Rc7 Kb4 80. Rc8 Ka3 81. Ra8+ Na4 82. Rh8 Rxh8 0-1


[Site "https://www.chess.com"]

[Event "Titled Tuesday Blitz July 25 Late 2023"]
[White "Omelja, Artem"]
[Black "Ibarra Jerez, Jose Carlos"]
[WhiteFideId "14119846"]
[BlackFideId "2226332"]
[WhiteElo "2640"]
[BlackElo "2883"]
[Result "0-1"]
[Round "9"]
[TimeControl "180+2"]
[Date "2023.07.25"]
[WhiteClock "0:00:00"]
[BlackClock "0:00:33"]
[Board "28"]

1. d4 Nf6 2. c4 d6 3. Nc3 e5 4. Bg5 h6 5. Bh4 exd4 6. Qxd4 Nc6 7. Qd1 Be6 8. e3 g5 9. Bg3 Bg7 10. Nf3 d5 11. c5 Ne4 12. Nd4 Nxd4 13. exd4 c6 14. Be2 Nxg3 15. hxg3 Qf6 16. Qb3 Qxd4 17. Qxb7 O-O 18. Qxc6 Rfc8 19. Qa4 Qxc5 20. O-O Rab8 21. Rac1 Rxb2 22. Ba6 Bxc3 23. Bxc8 Qxc8 24. Rfd1 Qc5 25. Rc2 Rxc2 26. Qxc2 d4 27. Rb1 Kg7 28. Rb7 Qc4 29. Qe4 d3 30. Qf3 Bd5 0-1


[Site "https://www.chess.com"]

[Event "Titled Tuesday Blitz July 25 Late 2023"]
[White "Shuvalova, Polina"]
[Black "Grigoriants, Sergey"]
[WhiteFideId "24171760"]
[BlackFideId "4130804"]
[WhiteElo "2636"]
[BlackElo "2860"]
[Result "1/2-1/2"]
[Round "9"]
[TimeControl "180+2"]
[Date "2023.07.25"]
[WhiteClock "0:02:32"]
[BlackClock "0:02:19"]
[Board "29"]

1. e4 e6 2. d4 d5 3. exd5 exd5 4. Nf3 Bd6 5. Bd3 Ne7 6. O-O O-O 7. Re1 Nbc6 8. c3 Bf5 9. Bg5 f6 10. Bh4 Qd7 1/2-1/2


[Site "https://www.chess.com"]

[Event "Titled Tuesday Blitz July 25 Late 2023"]
[White "Oro, Faustino"]
[Black "Barria Santos, Jose Guilherme"]
[WhiteFideId "20000197"]
[BlackFideId "1939300"]
[WhiteElo "2781"]
[BlackElo "2610"]
[Result "1-0"]
[Round "9"]
[TimeControl "180+2"]
[Date "2023.07.25"]
[WhiteClock "0:00:13"]
[BlackClock "0:00:43"]
[Board "30"]

1. e4 c5 2. Nf3 e6 3. d4 cxd4 4. Nxd4 Nc6 5. Nc3 Nf6 6. Ndb5 Bc5 7. Bf4 O-O 8. Bc7 Qe7 9. Bd6 Bxd6 10. Qxd6 Qd8 11. Nd4 Ne8 12. Nxc6 bxc6 13. Qd2 d5 14. Bd3 Rb8 15. Rb1 Nf6 16. exd5 exd5 17. O-O Be6 18. Ne2 Qd6 19. b3 Nd7 20. Rfe1 Qb4 21. Qe3 a5 22. Nd4 Qb6 23. Nxe6 Qxe3 24. Rxe3 fxe6 25. Rxe6 Rf6 26. Rbe1 a4 27. Rxf6 Nxf6 28. Re6 axb3 29. axb3 c5 30. f3 Rc8 31. Kf2 Kf7 32. Ra6 Rc7 33. Ke3 g6 34. c3 c4 35. bxc4 dxc4 36. Be2 Nd5+ 37. Kd4 Nf4 38. Bxc4+ Kg7 39. g3 Nh5 40. Bd5 Nf6 41. c4 Nd7 42. f4 Kf8 43. Ra5 Nf6 44. c5 Ke7 45. Bf3 Rd7+ 46. Ke3 Rc7 47. Rb5 Kd7 48. c6+ Kd6 49. Rb8 Nd5+ 50. Kd4 Ne7 51. Rd8+ Ke6 52. Kc5 h5 53. Rd6+ Kf7 54. Rd7 Rc8 55. Kd6 1-0


[Site "https://www.chess.com"]

[Event "Titled Tuesday Blitz July 25 Late 2023"]
[White "Tristan, Leonardo"]
[Black "Attacker_2006"]
[WhiteFideId "113816"]
[WhiteElo "2759"]
[BlackElo "2583"]
[Result "1-0"]
[Round "9"]
[TimeControl "180+2"]
[Date "2023.07.25"]
[WhiteClock "0:00:27"]
[BlackClock "0:00:22"]
[Board "32"]

1. d4 Nf6 2. Nf3 d5 3. Bf4 e6 4. e3 Bd6 5. Nbd2 O-O 6. c3 c5 7. Bd3 cxd4 8. Bxd6 Qxd6 9. exd4 Nc6 10. O-O e5 11. dxe5 Nxe5 12. Nxe5 Qxe5 13. Nf3 Qh5 14. Nd4 Bg4 15. Qb3 Rab8 16. Rfe1 b6 17. Nc6 Rbe8 18. Nxa7 Be2 19. Bxe2 Rxe2 20. Rxe2 Qxe2 21. Qxb6 Re8 22. h3 Ne4 23. Nc6 Nd2 24. h4 Qg4 25. Ne5 Qxh4 26. Qd4 Qh6 27. Qxd5 Qf4 28. Nxf7 Kf8 29. Qd6+ Qxd6 30. Nxd6 Re2 31. a4 Ke7 32. Nf5+ Kf6 33. Nd4 Re8 34. a5 Nc4 35. b4 Ra8 36. a6 Ke5 37. a7 Kd6 38. Nf5+ Kc6 39. Nxg7 Kb6 40. Nh5 Ne5 41. Nf6 h6 42. Nd5+ Kb7 43. f4 Nd3 44. c4 h5 45. c5 Kc6 46. Nb6 Rg8 47. a8=Q+ 1-0


[Site "https://www.chess.com"]

[Event "Titled Tuesday Blitz July 25 Late 2023"]
[White "Piesik, Piotr"]
[Black "Pakleza, Zbigniew"]
[WhiteFideId "1136194"]
[BlackFideId "1119290"]
[WhiteElo "2607"]
[BlackElo "2756"]
[Result "0-1"]
[Round "9"]
[TimeControl "180+2"]
[Date "2023.07.25"]
[WhiteClock "0:01:19"]
[BlackClock "0:00:31"]
[Board "33"]

1. Nf3 d5 2. g3 Nf6 3. Bg2 Bf5 4. c4 c6 5. cxd5 cxd5 6. O-O e6 7. d3 Nbd7 8. Nc3 Be7 9. Re1 O-O 10. e4 Bg6 11. exd5 Nxd5 12. Nxd5 exd5 13. Be3 Bf6 14. Bd4 Bxd4 15. Nxd4 Qb6 16. Nb3 Nf6 17. Qd2 a5 18. d4 Ne4 19. Bxe4 dxe4 20. Nc5 Rfe8 21. Rac1 Rad8 22. Qc3 h5 23. h4 Kh7 24. Rcd1 f5 25. Rd2 f4 26. gxf4 Qf6 27. Nxb7 Rd5 28. Qg3 Rf5 29. Kf1 Qa6+ 0-1


[Site "https://www.chess.com"]

[Event "Titled Tuesday Blitz July 25 Late 2023"]
[White "Tanenbaum, Zachary"]
[Black "Vovk, Orest"]
[WhiteFideId "2060850"]
[BlackFideId "14113490"]
[WhiteElo "2746"]
[BlackElo "2572"]
[Result "1/2-1/2"]
[Round "9"]
[TimeControl "180+2"]
[Date "2023.07.25"]
[WhiteClock "0:00:06"]
[BlackClock "0:00:03"]
[Board "34"]

1. e4 Nh6 2. d4 g5 3. Bxg5 Rg8 4. Nf3 c5 5. dxc5 Qa5+ 6. Nc3 Qxc5 7. Be3 Qc7 8. Qd2 Ng4 9. Nd5 Qd8 10. Bf4 d6 11. h3 Nf6 12. Nxf6+ exf6 13. O-O-O Be6 14. Bxd6 Bxd6 15. Qxd6 Qxd6 16. Rxd6 Ke7 17. Rd2 Nc6 18. Nd4 Rac8 19. Nxc6+ Rxc6 20. g4 Bxa2 21. Bb5 Rc7 22. Rhd1 Be6 23. f4 h5 24. f5 Bc8 25. Be2 h4 26. Rd5 b6 27. e5 fxe5 28. Rxe5+ Kf6 29. Re3 Bb7 30. Bf3 Bxf3 31. Rxf3 Re8 32. Rc3 Rxc3 33. bxc3 Re3 34. Rd3 Rg3 35. Kd2 Ke5 36. Ke2 Kf4 37. Kd2 a5 38. c4 a4 39. Kc3 Rg2 40. Kb2 f6 41. Rc3 Rg3 42. Ra3 Ke4 43. Rxa4 Rxh3 44. c5+ Kd5 45. cxb6 Kc6 46. Rb4 Kb7 47. c4 Re3 48. c5 Re8 49. Rd4 Kc6 50. Rd6+ Kxc5 51. Rxf6 Rh8 52. Re6 h3 53. Re1 Kxb6 54. Kc3 Rh4 55. g5 Rh5 56. f6 Rxg5 57. Kd4 Rf5 58. Rh1 Rxf6 59. Rxh3 Rd6+ 60. Ke5 Rd1 61. Rh4 Kc5 62. Re4 Rd5+ 63. Ke6 Rd8 64. Kf5 Kd5 65. Re5+ Kd4 66. Re6 Rf8+ 67. Rf6 Ra8 68. Re6 Ra5+ 69. Kf6 Ra1 70. Ke7 Kd5 71. Rd6+ Kc5 72. Re6 Rf1 73. Rf6 Rh1 74. Re6 Kd5 75. Rd6+ Ke5 76. Re6+ Kf5 77. Rf6+ Kg5 78. Re6 Rd1 79. Rd6 Ra1 80. Re6 Ra7+ 81. Kd6 Kf5 82. Re5+ Kf6 83. Re6+ Kf7 84. Re5 Ra6+ 85. Kd5 Kf6 86. Re8 Ra5+ 87. Kd4 Kf7 88. Re5 Ra4+ 89. Kd5 Kf6 90. Re6+ Kf5 91. Re5+ Kf4 92. Re8 Ra6 93. Re6 Rxe6 94. Kxe6 1/2-1/2


[Site "https://www.chess.com"]

[Event "Titled Tuesday Blitz July 25 Late 2023"]
[White "Bolourchifard, Farzad"]
[Black "Pham, Le Thao Nguyen"]
[WhiteFideId "12510084"]
[BlackFideId "12401226"]
[WhiteElo "2746"]
[BlackElo "2579"]
[Result "0-1"]
[Round "9"]
[TimeControl "180+2"]
[Date "2023.07.25"]
[WhiteClock "0:00:15"]
[BlackClock "0:00:28"]
[Board "35"]

1. d4 d5 2. Nf3 c6 3. Bf4 Qb6 4. Qc1 Bf5 5. c3 Nd7 6. e3 h6 7. Nbd2 Ngf6 8. Be2 e6 9. O-O Be7 10. b4 O-O 11. Nb3 Rfe8 12. a4 Qd8 13. Nc5 Nxc5 14. bxc5 b6 15. cxb6 axb6 16. c4 c5 17. Ne5 Bd6 18. Qb2 Qc7 19. Bf3 Be4 20. Bxe4 Nxe4 21. cxd5 exd5 22. Rfc1 c4 23. Qb5 Nf6 24. Rcb1 Reb8 25. Bg3 Ra5 26. Qb2 Ne4 27. Nf3 Bxg3 28. hxg3 c3 29. Qc2 Rba8 30. Rb4 b5 31. Ne5 Qd6 32. Rab1 bxa4 33. Rb6 Qd8 34. Nc6 Qg5 35. Nxa5 Rxa5 36. Rb8+ Kh7 37. f3 Qxe3+ 38. Kh2 a3 39. fxe4 dxe4 40. Re8 Rh5# 0-1


[Site "https://www.chess.com"]

[Event "Titled Tuesday Blitz July 25 Late 2023"]
[White "Yanchenko, Roman"]
[Black "Karamsetty, Jeevan"]
[WhiteFideId "4137329"]
[BlackFideId "2025337"]
[WhiteElo "2738"]
[BlackElo "2543"]
[Result "0-1"]
[Round "9"]
[TimeControl "180+2"]
[Date "2023.07.25"]
[WhiteClock "0:00:16"]
[BlackClock "0:00:23"]
[Board "36"]

1. d4 g6 2. Nf3 Bg7 3. Bf4 d6 4. e3 Nd7 5. Be2 e5 6. Bg3 Qe7 7. O-O Nh6 8. Nc3 c6 9. dxe5 Nxe5 10. Nxe5 dxe5 11. Ne4 Nf5 12. Bg4 O-O 13. Bxf5 Bxf5 14. Qd6 Rfe8 15. Qxe7 Rxe7 16. Bh4 Rd7 17. Nf6+ Bxf6 18. Bxf6 Bxc2 19. Bxe5 Re8 20. Bc3 Red8 21. f3 Rd3 22. Kf2 c5 23. e4 b6 24. h4 h5 25. Kg3 Kf8 26. Kf4 Ke7 27. Rac1 Ba4 28. Kg5 Ke6 29. g4 Bd1 30. gxh5 gxh5 31. Kxh5 Bxf3+ 32. Kg5 Bxe4 33. Rf6+ Ke7 34. Re1 Rg8+ 35. Kh6 Rxc3 36. Rf4 Rh8+ 37. Kg7 Rh7+ 38. Kg8 Rg3+ 39. Rg4 Rxg4# 0-1


[Site "https://www.chess.com"]

[Event "Titled Tuesday Blitz July 25 Late 2023"]
[White "Przybylski, Wojciech"]
[Black "Schnaider, Ilan"]
[WhiteFideId "1117599"]
[BlackFideId "169013"]
[WhiteElo "2553"]
[BlackElo "2736"]
[Result "1-0"]
[Round "9"]
[TimeControl "180+2"]
[Date "2023.07.25"]
[WhiteClock "0:00:04"]
[BlackClock "0:00:03"]
[Board "37"]

1. d4 d5 2. Nf3 Nf6 3. c4 c6 4. Nc3 e6 5. Bg5 h6 6. Bh4 dxc4 7. e4 g5 8. Bg3 b5 9. Qc2 Bg7 10. Rd1 Bb7 11. Ne5 Nbd7 12. h4 g4 13. Be2 h5 14. f4 gxf3 15. Bxf3 Qe7 16. O-O a6 17. b3 cxb3 18. axb3 c5 19. d5 Ng4 20. d6 Qf8 21. Nxd7 Kxd7 22. Ne2 Rc8 23. Qd2 Bh6 24. Qa5 Be3+ 25. Kh1 c4 26. bxc4 Rxc4 27. e5 Bxf3 28. Rxf3 Rh7 29. Qxa6 Qb8 30. Rb1 Rc5 31. Bf4 Nf2+ 32. Kh2 Ng4+ 33. Kh3 Bxf4 34. Nxf4 Nxe5 35. Rfb3 Nc6 36. Rxb5 Rxb5 37. Rxb5 Qxd6 38. Rb7+ Ke8 39. Qa8+ Nd8 40. Rb8 Ke7 41. g3 Nc6 42. Qb7+ Qd7 43. Qxd7+ Kxd7 44. Rb7+ Kd6 45. Nd3 Rg7 46. Nf4 Rh7 47. Rb5 e5 48. Rd5+ Ke7 49. Nd3 Ke6 50. Rc5 Kd6 51. Rb5 f6 52. Nc5 Nd4 53. Ra5 f5 54. Nd3 e4 55. Nf4 e3 56. Rd5+ Kc6 57. Rxd4 Re7 58. Rc4+ Kb5 59. Rc2 Kb4 60. Kg2 Kb3 61. Re2 Kc3 62. Kf3 Kd4 63. Ra2 Kc4 64. Ra3 e2 65. Nxe2 Kb4 66. Ra2 Rg7 67. Nf4 Rh7 68. Re2 Kc4 69. Re5 Rf7 70. Re6 Kd4 71. Re8 Rb7 72. Re3 Rh7 73. Rd3+ Ke5 74. Rd5+ Kf6 75. Rd6+ Ke5 76. Rd5+ Kf6 77. Rc5 Rh8 78. Rc6+ Kf7 79. Ra6 Rb8 80. Ra3 Rh8 81. Ra5 Kf6 82. Ra6+ Kf7 83. Ra7+ Kf6 84. Ra6+ Kf7 85. Nd5 Rd8 86. Ne3 Rd3 87. Kf4 Rd4+ 88. Kxf5 Rb4 89. Ra5 Rb3 90. Kf4 Kg6 91. Ra6+ Kf7 92. Rc6 Rb4+ 93. Kf3 Kg7 94. Rc5 Kg6 95. Rf5 Kh6 96. Rf4 Rb3 97. Re4 Rb6 98. Kf4 Rf6+ 99. Nf5+ Kg6 100. Re5 Ra6 101. Rd5 Ra4+ 102. Ke5 Rg4 103. Rd6+ Kf7 104. Rd7+ Ke8 105. Rc7 Ra4 106. Ke6 Kf8 107. Rd7 Ke8 108. Rb7 Ra8 109. Rh7 Ra6+ 110. Nd6+ Kf8 111. Rxh5 Rb6 112. Rf5+ Kg7 113. Rg5+ Kh6 114. Ke7 Rb1 115. Kf6 Rb6 116. Rd5 Kh7 117. Rh5+ Kg8 118. Ke6 Ra6 119. g4 Ra3 120. Rg5+ Kf8 121. Rf5+ Kg8 122. Rf4 Re3+ 123. Kf5 Rd3 124. Ne4 Rd5+ 125. Ke6 Ra5 126. Rf5 Ra6+ 127. Nd6 Ra1 128. Re5 Rf1 129. Re4 Rb1 130. h5 Rh1 131. Re5 Rc1 132. g5 Rh1 133. Kf6 Rf1+ 134. Nf5 Kh7 135. Re7+ Kg8 136. Kg6 Kf8 137. Rf7+ Kg8 138. Nh6+ Kh8 139. Rh7# 1-0


[Site "https://www.chess.com"]

[Event "Titled Tuesday Blitz July 25 Late 2023"]
[White "Matinian, Nikita"]
[Black "Martins, Bruno Andre Leite"]
[WhiteFideId "24129100"]
[BlackFideId "1942255"]
[WhiteElo "2734"]
[BlackElo "2533"]
[Result "1-0"]
[Round "9"]
[TimeControl "180+2"]
[Date "2023.07.25"]
[WhiteClock "0:01:32"]
[BlackClock "0:00:24"]
[Board "38"]

1. e4 e6 2. d4 d5 3. Nc3 Nf6 4. Bg5 dxe4 5. Nxe4 Be7 6. Nxf6+ Bxf6 7. Bxf6 Qxf6 8. Nf3 O-O 9. Qd2 c5 10. O-O-O cxd4 11. Qxd4 Nc6 12. Qxf6 gxf6 13. Bb5 Ne7 14. Rhe1 a6 15. Bd3 Kg7 16. g4 b5 17. Be4 Rb8 18. Nd4 Bb7 19. Bxb7 Rxb7 20. f4 Rc8 21. f5 e5 22. Ne2 Rbc7 23. Rd2 h5 24. h3 hxg4 25. hxg4 Rh8 26. Ng3 Nc6 27. Nh5+ Kh6 28. Nxf6 Kg5 29. Ne4+ Kxg4 30. Rf2 Rh4 31. Rg1+ Kh5 32. Nf6+ Kh6 33. Rfg2 Ne7 34. Rg7 Ng6 35. R1xg6+ 1-0


[Site "https://www.chess.com"]

[Event "Titled Tuesday Blitz July 25 Late 2023"]
[White "Shapiro, Viktor"]
[Black "Korchmar, Vasiliy"]
[WhiteFideId "4175700"]
[BlackFideId "24131750"]
[WhiteElo "2530"]
[BlackElo "2698"]
[Result "1-0"]
[Round "9"]
[TimeControl "180+2"]
[Date "2023.07.25"]
[WhiteClock "0:00:11"]
[BlackClock "0:00:00"]
[Board "39"]

1. c4 c6 2. Nf3 d5 3. d4 Nf6 4. Nc3 e6 5. Bg5 Nbd7 6. e3 Be7 7. Qc2 O-O 8. cxd5 exd5 9. Bd3 Re8 10. O-O Nf8 11. Rab1 a5 12. a3 g6 13. b4 Ne6 14. Bh4 Ng7 15. b5 Bxa3 16. bxc6 bxc6 17. Ne5 Qd6 18. Na4 Bf5 19. Bxf5 Nxf5 20. Bxf6 Qxf6 21. Nb6 Rad8 22. Qxc6 Re6 23. Qb5 Bd6 24. Nxd5 Qh4 25. Nf4 Ree8 26. g3 Qg5 27. Qxa5 Bxe5 28. dxe5 h5 29. e6 fxe6 30. Rb6 Qf6 31. Rxe6 Rxe6 32. Nxe6 Re8 33. Nf4 h4 34. Rd1 Re7 35. Qd5+ Kg7 36. g4 Nh6 37. h3 Nf7 38. Qf3 Ne5 39. Qg2 Qb6 40. Nd5 Qb3 41. Rd4 Ra7 42. Qe4 Qd1+ 43. Kg2 1-0


[Site "https://www.chess.com"]

[Event "Titled Tuesday Blitz July 25 Late 2023"]
[White "Gulamali, Kazim"]
[Black "Fisher_TheGalactic"]
[WhiteFideId "2024764"]
[WhiteElo "2532"]
[BlackElo "2690"]
[Result "0-1"]
[Round "9"]
[TimeControl "180+2"]
[Date "2023.07.25"]
[WhiteClock "0:00:00"]
[BlackClock "0:00:04"]
[Board "40"]

1. e4 b6 2. d4 Bb7 3. Bd3 Nf6 4. Qe2 e6 5. c4 Bb4+ 6. Nc3 O-O 7. Bg5 h6 8. Bxf6 Qxf6 9. Nf3 d6 10. e5 dxe5 11. dxe5 Qe7 12. O-O Bxc3 13. bxc3 Nd7 14. Rad1 Rad8 15. Be4 Ba6 16. Bb1 Qc5 17. Qe4 g6 18. Rd4 Nb8 19. Qh4 Rxd4 20. cxd4 Qxc4 21. Nd2 Qe2 22. Qxh6 Qh5 23. Qxh5 gxh5 24. Rc1 Rd8 25. Nb3 c6 26. f4 Bb7 27. Be4 a5 28. a4 Kf8 29. Kf2 Ke7 30. Ke3 Rc8 31. Rb1 Ba6 32. Rc1 Bb7 33. g3 Na6 34. h3 Nb4 35. g4 hxg4 36. hxg4 Rh8 37. Nd2 Rh3+ 38. Nf3 Ba6 39. Bxc6 Bd3 40. Bb7 Bc2 41. Be4 Bxa4 42. Rc7+ Bd7 43. f5 a4 44. Ra7 Rh1 45. f6+ Kd8 46. Ng5 Re1+ 47. Kf4 Be8 48. Ra8+ Kd7 49. Ra7+ Kd8 50. Nxf7+ Bxf7 51. Rxf7 a3 52. Ra7 a2 53. Ra8+ Kd7 54. Ra7+ Kd8 55. Bg6 a1=Q 56. Rxa1 Rxa1 57. Kg5 Rf1 58. Kh6 Nc6 59. g5 Nxd4 60. Kg7 Nf3 61. Be4 Nxg5 62. Bc6 Nf3 0-1


[Site "https://www.chess.com"]